[ AOE2 MATCH · #469146820 ]
UnrankedMalians vs Ethiopians
[ REPLAY ANALYSIS · EXTRACTED FROM THE RECORDED GAME ]
Feudal
13:01
Castle
16:34
Imperial
—
| APM avg | 34.3 |
| APM peak | 59 |
| eAPM avg | 21.3 |
| Villagers / military | 130 / 50 |
Focus
⚔️ 30.1% · 🌾 69.9%
Gbeto ×41 · Fishing Ship ×12 · Mangonel ×5 · Monk ×2 · Scorpion ×1 · Transport Ship ×1
Feudal
13:56
Castle
17:37
Imperial
35:20
| APM avg | 47.0 |
| APM peak | 80 |
| eAPM avg | 25.0 |
| Villagers / military | 109 / 58 |
Focus
⚔️ 37.4% · 🌾 62.6%
Konnik ×44 · Fishing Ship ×18 · Galley ×9 · Scorpion ×2 · Monk ×1 · Unknown (2626) ×1
Feudal
13:24
Castle
30:34
Imperial
—
| APM avg | 39.0 |
| APM peak | 102 |
| eAPM avg | 21.3 |
| Villagers / military | 53 / 57 |
Focus
⚔️ 31.3% · 🌾 68.7%
Archer ×54 · Mangonel ×2 · Skirmisher ×1
Feudal
13:29
Castle
22:04
Imperial
—
| APM avg | 33.1 |
| APM peak | 64 |
| eAPM avg | 14.6 |
| Villagers / military | 96 / 67 |
Focus
⚔️ 28.8% · 🌾 71.2%
Knight ×57 · Fishing Ship ×6 · Scout Cavalry ×6 · Battering Ram ×4
Feudal
13:21
Castle
19:02
Imperial
31:26
| APM avg | 34.6 |
| APM peak | 67 |
| eAPM avg | 26.0 |
| Villagers / military | 176 / 135 |
Focus
⚔️ 36.7% · 🌾 63.3%
Ghulam ×130 · Fishing Ship ×15 · Unknown (2626) ×6 · Trebuchet (Packed) ×5
Feudal
13:05
Castle
22:50
Imperial
—
| APM avg | 75.5 |
| APM peak | 120 |
| eAPM avg | 48.0 |
| Villagers / military | 124 / 81 |
Focus
⚔️ 67.7% · 🌾 32.3%
Archer ×73 · Fishing Ship ×10 · Battering Ram ×6 · Unknown (2626) ×2 · Spearman ×1 · Fire Galley ×1
Feudal
15:17
Castle
20:58
Imperial
—
| APM avg | 29.9 |
| APM peak | 75 |
| eAPM avg | 18.6 |
| Villagers / military | 78 / 2 |
Focus
⚔️ 30.1% · 🌾 69.9%
Fishing Ship ×16 · Mangonel ×2
Feudal
14:00
Castle
21:51
Imperial
35:55
| APM avg | 21.1 |
| APM peak | 55 |
| eAPM avg | 12.3 |
| Villagers / military | 82 / 40 |
Focus
⚔️ 19.1% · 🌾 80.9%
Eagle Scout ×21 · Jaguar Warrior ×16 · Fishing Ship ×7 · Battering Ram ×2 · Demolition Raft ×1
Match map
Initial resources + every placement click. Lines = walls · curves = elevation contours. ◆ gold · ⬟ stone · ● berries · ✦ relic · ◌ wall gap
Your base· Open — 6t gap
[TNT] TW_RED's base· Open — 8t gap
Rank's base· Open — 11t gap
feshark's base· Open — unwalled flank
Peter_Pahn's base· Open — unwalled flank
Viktor Dufka's base· Open — 8t gap
CAPTAINKILL's base· Open — unwalled flank
.Spina's base· Open — unwalled flank
Smoothed initial terrain · ◌ = detected wall gap · hover for details
Inputs per minute
— TrCL.ovoin - - [TNT] TW_RED
Build order — TrCL.ovoin
First 150 of 343 actions detected
| 0:25 | Build | Town Center |
| 1:21 | Build | Dock |
| 1:24 | Build | House |
| 1:27 | Build | Palisade Wall |
| 2:40 | Create | Villager (Male) ×4 |
| 4:11 | Create | Fishing Ship |
| 4:16 | Create | Villager (Male) |
| 4:43 | Create | Villager (Male) |
| 4:49 | Build | House |
| 5:14 | Create | Villager (Male) |
| 5:45 | Create | Fishing Ship |
| 5:47 | Create | Villager (Male) |
| 6:09 | Create | Fishing Ship |
| 6:12 | Create | Villager (Male) |
| 6:12 | Create | Villager (Male) |
| 6:36 | Create | Villager (Male) |
| 6:41 | Build | House |
| 6:44 | Research | Loom |
| 6:51 | Create | Villager (Male) |
| 7:04 | Create | Fishing Ship |
| 7:19 | Create | Villager (Male) |
| 7:19 | Create | Villager (Male) |
| 7:30 | Create | Villager (Male) |
| 8:03 | Create | Villager (Male) |
| 8:04 | Create | Fishing Ship |
| 8:08 | Build | House |
| 8:12 | Build | House |
| 8:44 | Create | Villager (Male) |
| 9:11 | Create | Villager (Male) |
| 9:19 | Build | Mining Camp |
| 9:50 | Create | Villager (Male) |
| 9:50 | Create | Villager (Male) |
| 10:23 | Create | Villager (Male) |
| 10:36 | Create | Villager (Male) |
| 10:41 | Build | Mill |
| 10:51 | Research | Feudal Age |
| 10:59 | Build | House |
| 12:21 | Create | Villager (Male) |
| 12:21 | Create | Villager (Male) |
| 13:01 | Age | Feudal Age |
| 13:03 | Build | Market |
| 13:06 | Build | Blacksmith |
| 13:40 | Build | Outpost |
| 13:54 | Research | Castle Age |
| 15:25 | Create | Villager (Male) |
| 15:29 | Build | House |
| 15:50 | Build | Palisade Gate |
| 16:15 | Create | Villager (Male) |
| 16:34 | Age | Castle Age |
| 16:44 | Build | Castle |
| 17:02 | Build | Mining Camp |
| 17:13 | Create | Villager (Male) |
| 17:19 | Create | Transport Ship |
| 17:22 | Create | Fishing Ship |
| 17:22 | Create | Fishing Ship |
| 17:36 | Create | Villager (Male) |
| 17:39 | Build | House |
| 17:40 | Build | House |
| 18:00 | Create | Villager (Male) |
| 18:01 | Create | Villager (Male) |
| 18:10 | Research | Forging |
| 18:10 | Research | Forging |
| 18:20 | Create | Gbeto |
| 18:21 | Create | Gbeto |
| 18:21 | Create | Gbeto |
| 18:39 | Build | Stone Wall |
| 18:45 | Create | Villager (Male) |
| 18:49 | Create | Gbeto |
| 18:53 | Research | Tech 906 |
| 18:53 | Research | Tech 906 |
| 18:56 | Create | Villager (Male) |
| 18:59 | Research | Gold Mining |
| 18:59 | Research | Gold Mining |
| 19:21 | Create | Gbeto |
| 19:34 | Build | Lumber Camp |
| 19:38 | Create | Gbeto |
| 19:39 | Create | Villager (Male) |
| 19:47 | Create | Gbeto |
| 19:56 | Research | Fletching |
| 19:56 | Research | Fletching |
| 20:01 | Create | Villager (Male) |
| 20:09 | Create | Gbeto |
| 20:26 | Create | Villager (Male) |
| 20:29 | Create | Fishing Ship |
| 20:29 | Create | Fishing Ship |
| 20:47 | Create | Villager (Male) |
| 20:57 | Build | Farm |
| 20:58 | Build | Farm |
| 20:59 | Create | Gbeto |
| 20:59 | Create | Gbeto |
| 21:15 | Create | Gbeto |
| 21:37 | Research | Scale Mail Armor |
| 21:43 | Create | Villager (Male) |
| 21:44 | Create | Villager (Male) |
| 21:47 | Build | Farm |
| 21:50 | Research | Double-Bit Axe |
| 22:21 | Create | Villager (Male) |
| 22:26 | Build | Dock |
| 22:34 | Create | Gbeto |
| 22:34 | Create | Gbeto |
| 22:47 | Create | Villager (Male) |
| 23:06 | Create | Villager (Male) |
| 23:08 | Create | Gbeto |
| 23:14 | Build | Town Center |
| 23:16 | Create | Gbeto |
| 23:17 | Create | Villager (Male) |
| 23:17 | Create | Villager (Male) |
| 23:23 | Research | Horse Collar |
| 23:23 | Research | Horse Collar |
| 23:33 | Create | Villager (Male) |
| 23:43 | Build | Farm |
| 23:43 | Create | Villager (Male) |
| 23:58 | Build | Farm |
| 24:00 | Build | Farm |
| 24:04 | Build | Monastery |
| 24:15 | Research | Chain Mail Armor |
| 24:21 | Create | Villager (Male) |
| 24:24 | Build | House |
| 24:26 | Build | House |
| 24:38 | Create | Gbeto |
| 24:38 | Create | Gbeto |
| 24:46 | Build | Farm |
| 24:47 | Build | Farm |
| 24:58 | Create | Monk |
| 24:58 | Create | Monk |
| 25:08 | Build | Barracks |
| 25:10 | Create | Villager (Male) |
| 25:10 | Create | Villager (Male) |
| 25:23 | Create | Gbeto |
| 25:27 | Create | Gbeto |
| 25:33 | Create | Villager (Male) |
| 25:37 | Create | Villager (Male) |
| 25:44 | Create | Gbeto |
| 26:17 | Research | Arson |
| 26:20 | Research | Squires |
| 26:36 | Create | Villager (Male) |
| 26:36 | Create | Villager (Male) |
| 26:37 | Create | Villager (Male) |
| 26:38 | Create | Gbeto |
| 26:38 | Create | Gbeto |
| 26:48 | Build | Town Center |
| 27:06 | Build | House |
| 27:08 | Build | House |
| 27:17 | Create | Gbeto |
| 27:18 | Create | Gbeto |
| 27:23 | Create | Villager (Male) |
| 27:24 | Create | Villager (Male) |
| 27:24 | Create | Villager (Male) |
| 27:29 | Build | Mining Camp |
| 27:32 | Build | House |
Build order — [TNT] TW_RED
First 150 of 353 actions detected
| 0:23 | Build | Town Center |
| 0:39 | Build | Dock |
| 1:09 | Build | House |
| 1:55 | Build | House |
| 2:08 | Build | House |
| 2:22 | Build | House |
| 2:41 | Build | Palisade Wall |
| 2:42 | Build | Palisade Wall |
| 2:43 | Build | Palisade Wall |
| 3:03 | Create | Villager (Male) |
| 3:15 | Create | Villager (Male) |
| 3:16 | Create | Villager (Male) |
| 3:16 | Create | Villager (Male) |
| 3:16 | Create | Villager (Male) |
| 4:08 | Create | Fishing Ship |
| 4:42 | Build | House |
| 4:47 | Create | Villager (Male) |
| 5:13 | Create | Fishing Ship |
| 5:33 | Create | Villager (Male) |
| 5:58 | Create | Fishing Ship |
| 6:06 | Create | Villager (Male) |
| 6:13 | Build | House |
| 6:30 | Build | Palisade Wall |
| 6:44 | Research | Loom |
| 6:45 | Research | Loom |
| 6:47 | Create | Villager (Male) |
| 6:47 | Create | Villager (Male) |
| 6:56 | Build | Palisade Wall |
| 7:03 | Build | House |
| 7:15 | Create | Fishing Ship |
| 7:18 | Create | Villager (Male) |
| 7:52 | Create | Fishing Ship |
| 8:00 | Create | Villager (Male) |
| 8:04 | Build | House |
| 8:15 | Create | Villager (Male) |
| 8:17 | Create | Villager (Male) |
| 8:32 | Create | Villager (Male) |
| 8:35 | Create | Villager (Male) |
| 8:45 | Create | Villager (Male) |
| 8:50 | Create | Fishing Ship |
| 9:06 | Build | House |
| 9:14 | Create | Villager (Male) |
| 9:21 | Create | Fishing Ship |
| 9:37 | Create | Villager (Male) |
| 9:59 | Create | Fishing Ship |
| 10:09 | Create | Villager (Male) |
| 10:14 | Create | Villager (Male) |
| 10:15 | Create | Villager (Male) |
| 10:15 | Create | Villager (Male) |
| 10:33 | Create | Fishing Ship |
| 10:34 | Create | Villager (Male) |
| 10:36 | Build | House |
| 10:40 | Create | Villager (Male) |
| 10:40 | Create | Villager (Male) |
| 10:48 | Create | Villager (Male) |
| 10:57 | Create | Villager (Male) |
| 11:05 | Build | Mill |
| 11:10 | Create | Villager (Male) |
| 11:46 | Research | Feudal Age |
| 11:46 | Research | Feudal Age |
| 12:23 | Build | Dock |
| 13:56 | Age | Feudal Age |
| 14:04 | Research | Town Watch |
| 14:06 | Build | Market |
| 14:12 | Create | Villager (Male) |
| 14:15 | Build | Blacksmith |
| 14:39 | Create | Unit 2626 |
| 14:57 | Research | Castle Age |
| 15:14 | Build | Lumber Camp |
| 15:44 | Create | Villager (Male) |
| 15:47 | Build | House |
| 15:48 | Build | House |
| 15:50 | Build | House |
| 15:55 | Research | Double-Bit Axe |
| 16:18 | Research | Fletching |
| 16:18 | Research | Fletching |
| 16:20 | Create | Demolition Raft |
| 16:29 | Create | Galley |
| 16:32 | Create | Villager (Male) |
| 16:35 | Build | House |
| 16:36 | Create | Villager (Male) |
| 16:37 | Create | Villager (Male) |
| 16:38 | Create | Villager (Male) |
| 17:16 | Create | Galley |
| 17:37 | Age | Castle Age |
| 17:40 | Research | Bodkin Arrow |
| 17:43 | Research | War Galley (upgrade) |
| 17:53 | Research | Bow Saw |
| 17:53 | Research | Bow Saw |
| 17:55 | Create | Galley |
| 17:57 | Create | Villager (Male) |
| 17:58 | Create | Villager (Male) |
| 18:40 | Create | Galley |
| 18:41 | Create | Galley |
| 18:42 | Create | Villager (Male) ×5 |
| 18:56 | Create | Galley |
| 18:56 | Create | Galley |
| 19:02 | Create | Villager (Male) ×3 |
| 19:06 | Build | House |
| 19:26 | Create | Galley |
| 19:33 | Build | House |
| 19:34 | Build | House |
| 19:37 | Create | Villager (Male) |
| 19:44 | Create | Galley |
| 20:02 | Create | Villager (Male) |
| 20:38 | Build | Siege Workshop |
| 21:02 | Create | Scorpion |
| 21:12 | Build | House |
| 21:15 | Build | Lumber Camp |
| 21:27 | Build | House |
| 21:37 | Build | House |
| 21:55 | Research | Wheelbarrow |
| 21:56 | Research | Wheelbarrow |
| 21:57 | Create | Villager (Male) |
| 22:02 | Create | Scorpion |
| 22:15 | Create | Villager (Male) |
| 22:22 | Build | House |
| 22:23 | Create | Villager (Male) |
| 22:45 | Build | Town Center |
| 22:50 | Create | Villager (Male) |
| 22:57 | Create | Fishing Ship |
| 22:58 | Create | Fishing Ship |
| 23:08 | Build | House |
| 23:08 | Build | House |
| 23:14 | Create | Villager (Male) |
| 23:21 | Build | House |
| 23:21 | Build | House |
| 23:24 | Build | Stone Wall |
| 23:24 | Build | Stone Wall |
| 23:49 | Build | Town Center |
| 23:53 | Create | Villager (Male) |
| 24:10 | Create | Villager (Male) |
| 24:37 | Create | Fishing Ship |
| 24:37 | Create | Fishing Ship |
| 24:52 | Build | Mining Camp |
| 24:55 | Create | Villager (Male) |
| 25:03 | Build | Mining Camp |
| 25:04 | Create | Villager (Male) |
| 25:15 | Research | Horse Collar |
| 25:15 | Create | Villager (Male) |
| 25:21 | Build | House |
| 25:21 | Build | House |
| 25:22 | Build | House |
| 25:26 | Research | Tech 906 |
| 26:05 | Research | Gillnets |
| 26:05 | Research | Gillnets |
| 26:06 | Create | Fishing Ship |
| 26:07 | Create | Fishing Ship |
| 26:12 | Create | Fishing Ship |
| 26:13 | Create | Villager (Male) |
Build order — Rank
First 150 of 201 actions detected
| 0:16 | Build | Town Center |
| 1:10 | Build | Palisade Wall |
| 1:11 | Build | Palisade Wall |
| 1:13 | Build | Palisade Wall |
| 2:04 | Build | House |
| 2:57 | Create | Villager (Male) |
| 2:57 | Create | Villager (Male) |
| 2:57 | Create | Villager (Male) |
| 2:58 | Create | Villager (Male) |
| 4:16 | Create | Villager (Male) |
| 4:44 | Create | Villager (Male) |
| 4:52 | Build | House |
| 5:21 | Create | Villager (Male) |
| 5:31 | Create | Villager (Male) |
| 6:01 | Research | Loom |
| 6:03 | Create | Villager (Male) |
| 6:15 | Create | Villager (Male) |
| 6:26 | Build | Palisade Wall |
| 6:28 | Build | Palisade Wall |
| 6:48 | Build | Palisade Wall |
| 6:50 | Build | Palisade Wall |
| 6:53 | Build | Palisade Wall |
| 7:00 | Create | Villager (Male) |
| 7:08 | Build | Palisade Wall |
| 7:16 | Create | Villager (Male) |
| 7:37 | Build | Palisade Wall |
| 7:40 | Build | Palisade Wall |
| 7:43 | Create | Villager (Male) |
| 7:49 | Build | House |
| 8:02 | Build | Lumber Camp |
| 8:09 | Build | Palisade Wall |
| 8:11 | Build | Palisade Wall |
| 8:28 | Create | Villager (Male) |
| 8:55 | Create | Villager (Male) |
| 9:12 | Create | Villager (Male) |
| 9:48 | Build | Palisade Wall |
| 9:50 | Build | Palisade Wall |
| 9:51 | Build | Palisade Wall |
| 10:16 | Create | Villager (Male) |
| 10:34 | Build | Palisade Wall |
| 10:35 | Build | Palisade Wall |
| 10:54 | Build | Mill |
| 10:59 | Create | Villager (Male) |
| 11:07 | Build | House |
| 11:09 | Create | Villager (Male) |
| 11:14 | Research | Feudal Age |
| 11:15 | Research | Feudal Age |
| 11:21 | Build | Outpost |
| 11:31 | Build | Mining Camp |
| 12:19 | Build | Barracks |
| 12:50 | Build | House |
| 13:18 | Create | Villager (Male) |
| 13:18 | Create | Villager (Male) |
| 13:24 | Age | Feudal Age |
| 13:29 | Build | Watch Tower |
| 13:46 | Build | Archery Range |
| 13:56 | Create | Villager (Male) |
| 14:27 | Create | Archer |
| 14:28 | Create | Archer |
| 14:28 | Create | Archer |
| 14:37 | Create | Archer |
| 15:00 | Create | Archer |
| 15:26 | Create | Archer |
| 16:02 | Create | Villager (Male) |
| 16:25 | Create | Archer |
| 16:26 | Create | Villager (Male) |
| 16:40 | Build | Archery Range |
| 17:54 | Create | Archer |
| 18:24 | Create | Archer |
| 18:36 | Build | House |
| 18:44 | Build | Market |
| 18:47 | Create | Archer |
| 19:22 | Create | Archer |
| 19:26 | Build | Archery Range |
| 19:37 | Create | Villager (Male) |
| 19:47 | Create | Archer |
| 19:56 | Create | Archer |
| 20:08 | Build | Mill |
| 20:18 | Create | Archer |
| 20:19 | Create | Archer |
| 20:21 | Create | Archer |
| 20:31 | Build | House |
| 20:32 | Build | House |
| 20:49 | Build | House |
| 20:51 | Build | House |
| 20:54 | Create | Villager (Male) |
| 21:10 | Create | Archer |
| 21:12 | Create | Archer |
| 21:20 | Create | Villager (Male) |
| 21:45 | Create | Villager (Male) |
| 21:57 | Create | Villager (Male) |
| 22:52 | Create | Villager (Male) |
| 23:19 | Build | Lumber Camp |
| 25:09 | Build | Market |
| 25:51 | Build | Town Center |
| 26:01 | Build | Mining Camp |
| 26:05 | Research | Double-Bit Axe |
| 26:45 | Create | Villager (Male) |
| 26:46 | Create | Villager (Male) |
| 27:13 | Create | Villager (Male) |
| 27:40 | Create | Villager (Male) |
| 27:41 | Create | Villager (Male) |
| 27:54 | Research | Castle Age |
| 28:13 | Build | Archery Range |
| 28:15 | Build | Archery Range |
| 28:20 | Build | House |
| 28:21 | Build | House |
| 28:22 | Build | House |
| 28:29 | Create | Archer |
| 28:29 | Create | Archer |
| 28:31 | Create | Archer |
| 28:31 | Create | Archer |
| 28:33 | Build | House |
| 28:34 | Build | House |
| 29:03 | Create | Archer |
| 29:21 | Build | Farm |
| 29:21 | Build | Farm |
| 29:21 | Build | Farm |
| 29:22 | Build | Farm |
| 29:22 | Build | Farm |
| 29:22 | Build | Farm |
| 29:27 | Build | Farm |
| 29:28 | Build | Farm |
| 29:28 | Build | Farm |
| 29:39 | Create | Archer |
| 29:41 | Create | Archer |
| 29:43 | Create | Archer |
| 30:09 | Create | Archer |
| 30:11 | Build | Archery Range |
| 30:30 | Create | Villager (Male) |
| 30:34 | Age | Castle Age |
| 30:36 | Research | Crossbowman (upgrade) |
| 31:00 | Create | Villager (Male) |
| 31:19 | Create | Villager (Male) |
| 31:29 | Build | Blacksmith |
| 31:34 | Create | Archer |
| 31:34 | Create | Archer |
| 31:36 | Create | Villager (Male) |
| 31:47 | Create | Archer |
| 32:00 | Create | Archer |
| 32:01 | Create | Archer |
| 32:11 | Create | Villager (Male) |
| 32:26 | Research | Thumb Ring |
| 32:28 | Research | Fletching |
| 32:37 | Create | Archer |
| 32:37 | Create | Archer |
| 32:38 | Create | Villager (Male) |
| 32:40 | Create | Villager (Male) |
| 32:42 | Build | Farm |
| 32:44 | Build | Farm |
Build order — feshark
First 150 of 264 actions detected
| 0:22 | Build | Town Center |
| 2:41 | Create | Villager (Male) |
| 2:42 | Create | Villager (Male) |
| 3:02 | Create | Villager (Male) |
| 3:17 | Create | Villager (Male) |
| 4:10 | Research | Loom |
| 4:26 | Build | Dock |
| 4:54 | Create | Villager (Male) |
| 5:09 | Create | Fishing Ship |
| 5:31 | Create | Villager (Male) |
| 6:02 | Create | Villager (Male) |
| 6:37 | Create | Villager (Male) |
| 6:40 | Create | Fishing Ship |
| 6:42 | Create | Villager (Male) |
| 7:34 | Create | Villager (Male) |
| 7:34 | Create | Villager (Male) |
| 7:43 | Create | Fishing Ship |
| 7:52 | Create | Villager (Male) |
| 8:07 | Create | Villager (Male) |
| 8:09 | Create | Fishing Ship |
| 8:16 | Create | Villager (Male) |
| 8:45 | Create | Villager (Male) |
| 8:49 | Create | Fishing Ship |
| 9:30 | Build | Mill |
| 9:31 | Create | Villager (Male) |
| 9:49 | Create | Villager (Male) |
| 10:15 | Create | Fishing Ship |
| 10:27 | Create | Villager (Male) |
| 10:49 | Create | Villager (Male) |
| 11:09 | Research | Feudal Age |
| 11:56 | Build | Barracks |
| 12:19 | Build | Lumber Camp |
| 13:29 | Age | Feudal Age |
| 13:31 | Build | Stable |
| 13:48 | Create | Villager (Male) |
| 13:49 | Create | Villager (Male) |
| 13:51 | Research | Double-Bit Axe |
| 14:20 | Build | Farm |
| 14:21 | Build | Farm |
| 14:22 | Create | Scout Cavalry |
| 14:22 | Create | Scout Cavalry |
| 14:32 | Create | Scout Cavalry |
| 14:42 | Create | Villager (Male) |
| 14:42 | Create | Villager (Male) |
| 14:43 | Create | Villager (Male) |
| 14:46 | Build | Farm |
| 15:08 | Build | Blacksmith |
| 15:10 | Create | Villager (Male) |
| 15:28 | Create | Scout Cavalry |
| 15:32 | Research | Bloodlines |
| 15:36 | Build | Farm |
| 15:37 | Build | Farm |
| 16:18 | Create | Scout Cavalry |
| 16:20 | Create | Villager (Male) |
| 16:20 | Create | Villager (Male) |
| 16:44 | Research | Forging |
| 16:58 | Create | Villager (Male) |
| 17:01 | Build | Farm |
| 17:02 | Build | Farm |
| 17:27 | Build | Farm |
| 17:33 | Build | Farm |
| 18:09 | Create | Villager (Male) |
| 18:09 | Create | Villager (Male) |
| 18:37 | Create | Villager (Male) |
| 18:37 | Create | Villager (Male) |
| 18:41 | Build | Farm |
| 18:42 | Build | Farm |
| 18:44 | Build | Farm |
| 18:44 | Build | Mill |
| 18:45 | Build | Farm |
| 18:46 | Build | Farm |
| 18:46 | Build | Farm |
| 18:46 | Build | Farm |
| 19:08 | Create | Scout Cavalry |
| 19:16 | Research | Castle Age |
| 19:44 | Create | Villager (Male) |
| 19:58 | Research | Scale Barding Armor |
| 21:41 | Build | Stable |
| 22:04 | Age | Castle Age |
| 22:16 | Build | Town Center |
| 22:24 | Create | Knight |
| 22:24 | Create | Knight |
| 22:25 | Create | Knight |
| 22:26 | Create | Villager (Male) |
| 22:26 | Create | Villager (Male) |
| 22:34 | Build | Farm |
| 22:48 | Research | Bow Saw |
| 22:49 | Research | Horse Collar |
| 22:56 | Create | Knight |
| 22:58 | Create | Villager (Male) |
| 22:59 | Create | Villager (Male) |
| 23:20 | Create | Knight |
| 23:20 | Create | Knight |
| 23:39 | Create | Villager (Male) |
| 23:53 | Create | Knight |
| 23:54 | Create | Knight |
| 24:11 | Build | Lumber Camp |
| 24:13 | Create | Villager (Male) |
| 24:13 | Create | Villager (Male) |
| 24:34 | Create | Knight |
| 24:35 | Create | Knight |
| 24:41 | Create | Villager (Male) |
| 24:46 | Build | Farm |
| 24:47 | Build | Farm |
| 24:47 | Build | Farm |
| 24:47 | Build | Farm |
| 25:04 | Research | Husbandry |
| 25:18 | Create | Knight |
| 25:18 | Create | Knight |
| 25:20 | Create | Villager (Male) |
| 25:20 | Create | Villager (Male) |
| 25:22 | Create | Villager (Male) |
| 25:23 | Create | Villager (Male) |
| 25:50 | Research | Wheelbarrow |
| 26:16 | Create | Knight |
| 26:16 | Create | Knight |
| 26:27 | Create | Villager (Male) |
| 26:28 | Create | Villager (Male) |
| 26:29 | Create | Villager (Male) |
| 26:29 | Create | Villager (Male) |
| 26:38 | Build | Town Center |
| 26:40 | Create | Villager (Male) |
| 26:41 | Create | Villager (Male) |
| 26:45 | Create | Knight |
| 26:45 | Create | Knight |
| 27:00 | Research | Heavy Plow |
| 27:01 | Create | Villager (Male) |
| 27:01 | Create | Villager (Male) |
| 27:02 | Create | Villager (Male) |
| 27:31 | Create | Knight |
| 27:31 | Create | Knight |
| 27:41 | Create | Knight |
| 27:41 | Create | Knight |
| 27:57 | Build | Farm |
| 27:59 | Build | Farm |
| 28:00 | Build | Farm |
| 28:02 | Build | Farm |
| 28:04 | Create | Villager (Male) |
| 28:04 | Create | Villager (Male) |
| 28:12 | Create | Knight |
| 28:12 | Create | Knight |
| 28:21 | Build | Market |
| 28:29 | Build | Farm |
| 28:42 | Create | Knight |
| 28:42 | Create | Knight |
| 28:55 | Create | Villager (Male) |
| 28:55 | Create | Villager (Male) |
| 29:01 | Build | Mining Camp |
| 29:09 | Create | Knight |
| 29:10 | Create | Knight |
Build order — Peter_Pahn
First 150 of 420 actions detected
| 0:07 | Build | Town Center |
| 1:06 | Build | Dock |
| 1:08 | Build | House |
| 2:33 | Create | Villager (Male) |
| 2:33 | Create | Villager (Male) |
| 2:33 | Create | Villager (Male) |
| 2:37 | Create | Villager (Male) |
| 2:37 | Create | Villager (Male) |
| 3:20 | Create | Villager (Male) |
| 3:21 | Create | Villager (Male) |
| 3:39 | Create | Fishing Ship |
| 3:40 | Create | Fishing Ship |
| 4:06 | Build | House |
| 4:37 | Create | Villager (Male) |
| 4:37 | Create | Villager (Male) |
| 4:44 | Build | House |
| 4:56 | Research | Loom |
| 5:00 | Create | Villager (Male) |
| 5:00 | Create | Villager (Male) |
| 5:31 | Create | Villager (Male) |
| 5:31 | Create | Villager (Male) |
| 5:46 | Create | Fishing Ship |
| 5:58 | Create | Villager (Male) |
| 5:58 | Create | Villager (Male) |
| 6:08 | Build | House |
| 6:10 | Create | Villager (Male) |
| 6:10 | Create | Villager (Male) |
| 6:29 | Create | Villager (Male) |
| 6:58 | Create | Fishing Ship |
| 6:58 | Create | Fishing Ship |
| 6:59 | Create | Villager (Male) |
| 6:59 | Create | Villager (Male) |
| 7:18 | Create | Villager (Male) |
| 7:22 | Create | Villager (Male) |
| 7:34 | Build | House |
| 7:36 | Create | Fishing Ship |
| 7:37 | Create | Fishing Ship |
| 7:38 | Create | Villager (Male) |
| 8:00 | Create | Villager (Male) |
| 8:09 | Create | Villager (Male) |
| 8:13 | Build | House |
| 8:18 | Create | Fishing Ship |
| 8:53 | Create | Villager (Male) |
| 8:57 | Build | Mill |
| 9:03 | Create | Fishing Ship |
| 9:03 | Create | Fishing Ship |
| 9:33 | Create | Fishing Ship |
| 9:56 | Build | Mining Camp |
| 10:04 | Create | Villager (Male) |
| 10:14 | Build | House |
| 10:30 | Create | Villager (Male) |
| 10:33 | Create | Fishing Ship |
| 10:36 | Build | House |
| 10:39 | Research | Loom |
| 10:46 | Build | Lumber Camp |
| 11:11 | Research | Feudal Age |
| 11:12 | Research | Feudal Age |
| 11:21 | Build | Dock |
| 12:00 | Create | Fishing Ship |
| 12:00 | Create | Fishing Ship |
| 12:34 | Create | Villager (Male) |
| 12:52 | Create | Fishing Ship |
| 13:21 | Age | Feudal Age |
| 13:23 | Create | Unit 2626 |
| 13:23 | Create | Unit 2626 |
| 13:25 | Create | Villager (Male) |
| 13:28 | Research | Double-Bit Axe |
| 13:28 | Research | Double-Bit Axe |
| 13:36 | Create | Villager (Male) |
| 13:53 | Build | Blacksmith |
| 13:54 | Create | Villager (Male) |
| 14:10 | Create | Villager (Male) |
| 14:12 | Create | Unit 2626 |
| 14:12 | Create | Unit 2626 |
| 14:32 | Build | Palisade Wall |
| 14:35 | Build | Palisade Wall |
| 14:43 | Build | House |
| 14:57 | Create | Villager (Male) |
| 15:06 | Build | House |
| 15:09 | Research | Town Watch |
| 15:31 | Build | Market |
| 15:33 | Create | Villager (Male) |
| 15:55 | Create | Unit 2626 |
| 15:55 | Create | Unit 2626 |
| 16:02 | Build | House |
| 16:22 | Research | Castle Age |
| 16:24 | Build | Lumber Camp |
| 17:00 | Research | Forging |
| 17:00 | Research | Forging |
| 17:30 | Research | Tech 906 |
| 17:30 | Research | Tech 906 |
| 17:59 | Build | Watch Tower |
| 18:20 | Create | Villager (Male) |
| 18:52 | Create | Villager (Male) |
| 19:02 | Age | Castle Age |
| 19:04 | Build | Town Center |
| 19:16 | Create | Villager (Male) |
| 19:23 | Research | Bow Saw |
| 19:23 | Research | Bow Saw |
| 19:29 | Create | Villager (Male) |
| 19:50 | Build | House |
| 20:03 | Create | Villager (Male) |
| 20:10 | Create | Villager (Male) |
| 20:11 | Create | Villager (Male) |
| 20:12 | Create | Villager (Male) |
| 20:12 | Create | Villager (Male) |
| 20:16 | Create | Villager (Male) |
| 20:40 | Create | Villager (Male) |
| 20:47 | Build | Town Center |
| 21:08 | Research | Gillnets |
| 21:08 | Research | Gillnets |
| 21:09 | Create | Villager (Male) |
| 21:24 | Create | Villager (Male) |
| 21:35 | Create | Villager (Male) |
| 21:45 | Create | Villager (Male) |
| 21:49 | Research | Horse Collar |
| 21:49 | Research | Horse Collar |
| 21:56 | Create | Villager (Male) |
| 21:56 | Create | Villager (Male) |
| 22:04 | Create | Villager (Male) |
| 22:09 | Create | Villager (Male) |
| 22:16 | Create | Villager (Male) |
| 22:18 | Research | Heavy Plow |
| 22:19 | Create | Villager (Male) |
| 22:21 | Create | Villager (Male) |
| 22:25 | Build | Farm |
| 22:27 | Build | Farm |
| 22:29 | Build | Farm |
| 22:30 | Create | Villager (Male) |
| 22:39 | Create | Villager (Male) |
| 22:39 | Create | Villager (Male) |
| 22:42 | Build | Farm |
| 22:43 | Create | Villager (Male) |
| 22:46 | Create | Villager (Male) |
| 22:48 | Build | Farm |
| 22:50 | Build | Farm |
| 22:50 | Create | Villager (Male) |
| 22:51 | Create | Villager (Male) |
| 22:58 | Build | Farm |
| 22:58 | Create | Villager (Male) |
| 22:59 | Create | Villager (Male) |
| 23:01 | Create | Villager (Male) |
| 23:01 | Create | Villager (Male) |
| 23:09 | Research | Wheelbarrow |
| 23:13 | Build | House |
| 23:17 | Build | House |
| 23:23 | Create | Villager (Male) |
| 23:39 | Build | Town Center |
| 23:39 | Create | Villager (Male) |
| 23:44 | Build | House |
Build order — Viktor Dufka
First 150 of 333 actions detected
| 0:02 | Build | Town Center |
| 0:41 | Build | House |
| 0:53 | Build | House |
| 1:04 | Build | House |
| 1:17 | Build | House |
| 1:35 | Build | House |
| 2:24 | Create | Villager (Male) |
| 2:24 | Create | Villager (Male) |
| 2:24 | Create | Villager (Male) |
| 2:25 | Create | Villager (Male) |
| 2:25 | Create | Villager (Male) |
| 2:33 | Build | Dock |
| 3:07 | Research | Loom |
| 3:07 | Create | Villager (Male) |
| 3:08 | Create | Villager (Male) |
| 3:27 | Build | House |
| 3:38 | Build | House |
| 4:28 | Create | Villager (Male) |
| 4:29 | Create | Villager (Male) |
| 4:30 | Create | Fishing Ship |
| 4:56 | Create | Villager (Male) |
| 4:57 | Create | Villager (Male) |
| 4:57 | Create | Villager (Male) |
| 5:05 | Build | House |
| 5:33 | Create | Villager (Male) |
| 5:33 | Create | Villager (Male) |
| 6:05 | Create | Villager (Male) |
| 6:05 | Create | Villager (Male) |
| 6:12 | Create | Fishing Ship |
| 6:12 | Create | Fishing Ship |
| 6:30 | Create | Villager (Male) |
| 6:30 | Create | Villager (Male) |
| 6:30 | Create | Villager (Male) |
| 6:53 | Create | Villager (Male) |
| 6:53 | Create | Villager (Male) |
| 7:09 | Build | House |
| 7:14 | Create | Fishing Ship |
| 7:14 | Create | Fishing Ship |
| 7:19 | Create | Villager (Male) |
| 7:19 | Create | Villager (Male) |
| 7:40 | Create | Villager (Male) |
| 7:40 | Create | Villager (Male) |
| 7:55 | Create | Fishing Ship |
| 8:08 | Build | House |
| 8:19 | Create | Villager (Male) |
| 8:19 | Create | Villager (Male) |
| 8:35 | Create | Fishing Ship |
| 8:36 | Create | Fishing Ship |
| 9:05 | Create | Villager (Male) |
| 9:22 | Create | Fishing Ship |
| 9:28 | Build | House |
| 9:39 | Create | Villager (Male) |
| 9:39 | Create | Villager (Male) |
| 9:50 | Create | Villager (Male) |
| 10:13 | Build | Mining Camp |
| 10:52 | Create | Fishing Ship |
| 10:53 | Research | Feudal Age |
| 10:53 | Research | Feudal Age |
| 11:04 | Build | House |
| 11:44 | Build | Lumber Camp |
| 12:22 | Build | Barracks |
| 12:29 | Create | Villager (Male) |
| 12:29 | Create | Villager (Male) |
| 13:05 | Age | Feudal Age |
| 13:06 | Research | Double-Bit Axe |
| 13:06 | Research | Double-Bit Axe |
| 13:09 | Build | Archery Range |
| 13:14 | Create | Unit 2626 |
| 13:18 | Create | Fire Galley |
| 13:40 | Build | Blacksmith |
| 13:49 | Create | Villager (Male) |
| 13:49 | Create | Villager (Male) |
| 13:56 | Create | Archer |
| 14:05 | Create | Villager (Male) |
| 14:06 | Create | Villager (Male) |
| 14:10 | Create | Archer |
| 14:24 | Build | Archery Range |
| 14:26 | Research | Fletching |
| 14:26 | Research | Fletching |
| 14:50 | Create | Archer |
| 14:53 | Build | House |
| 14:56 | Build | House |
| 15:07 | Create | Spearman |
| 15:15 | Create | Villager (Male) |
| 15:16 | Create | Archer |
| 15:18 | Create | Villager (Male) |
| 15:22 | Create | Archer |
| 15:28 | Build | House |
| 15:28 | Build | House |
| 15:31 | Build | House |
| 15:33 | Create | Villager (Male) |
| 15:34 | Create | Archer |
| 15:51 | Create | Archer |
| 15:57 | Build | Mill |
| 16:01 | Create | Villager (Male) |
| 16:06 | Create | Archer |
| 16:06 | Create | Archer |
| 16:10 | Create | Villager (Male) |
| 16:32 | Create | Unit 2626 |
| 16:38 | Build | House |
| 16:44 | Build | Mill |
| 16:58 | Create | Archer |
| 16:58 | Create | Archer |
| 17:09 | Create | Villager (Male) |
| 17:11 | Build | Farm |
| 17:11 | Build | Farm |
| 17:13 | Build | Farm |
| 17:16 | Build | Market |
| 17:22 | Create | Archer |
| 17:22 | Create | Archer |
| 17:27 | Create | Villager (Male) |
| 17:41 | Create | Archer |
| 17:41 | Create | Archer |
| 17:42 | Create | Villager (Male) |
| 18:11 | Build | Farm |
| 18:13 | Build | Farm |
| 18:34 | Create | Villager (Male) |
| 19:01 | Create | Villager (Male) |
| 19:10 | Build | House |
| 19:23 | Build | House |
| 19:31 | Create | Villager (Male) |
| 19:38 | Build | Farm |
| 19:43 | Build | Farm |
| 20:10 | Research | Castle Age |
| 20:11 | Research | Castle Age |
| 20:23 | Create | Archer |
| 20:23 | Create | Archer |
| 20:40 | Build | Archery Range |
| 20:45 | Create | Archer |
| 20:45 | Create | Archer |
| 21:06 | Create | Villager (Male) |
| 21:08 | Create | Archer |
| 21:08 | Create | Archer |
| 21:51 | Create | Archer |
| 21:51 | Create | Archer |
| 22:01 | Create | Archer |
| 22:01 | Create | Archer |
| 22:19 | Create | Archer |
| 22:19 | Create | Archer |
| 22:19 | Create | Archer |
| 22:27 | Create | Archer |
| 22:27 | Create | Archer |
| 22:40 | Create | Villager (Male) |
| 22:50 | Age | Castle Age |
| 22:53 | Research | Crossbowman (upgrade) |
| 22:53 | Research | Crossbowman (upgrade) |
| 22:59 | Research | Bodkin Arrow |
| 22:59 | Research | Bodkin Arrow |
| 23:05 | Build | Town Center |
| 23:09 | Build | Siege Workshop |
Build order — CAPTAINKILL
First 150 of 177 actions detected
| 0:15 | Build | Town Center |
| 0:55 | Build | Dock |
| 0:56 | Build | House |
| 2:41 | Build | Palisade Wall |
| 2:41 | Build | Palisade Wall |
| 2:55 | Create | Villager (Male) |
| 2:55 | Create | Villager (Male) |
| 2:56 | Create | Villager (Male) |
| 2:56 | Create | Villager (Male) |
| 2:56 | Create | Villager (Male) |
| 3:56 | Create | Villager (Male) |
| 3:57 | Research | Loom |
| 4:28 | Create | Fishing Ship |
| 4:41 | Build | House |
| 4:50 | Create | Villager (Male) |
| 5:18 | Create | Fishing Ship |
| 5:40 | Create | Villager (Male) |
| 5:40 | Create | Villager (Male) |
| 6:00 | Create | Fishing Ship |
| 6:07 | Create | Villager (Male) |
| 6:33 | Build | House |
| 6:41 | Create | Villager (Male) |
| 6:41 | Create | Villager (Male) |
| 7:06 | Create | Fishing Ship |
| 7:09 | Create | Villager (Male) |
| 7:09 | Create | Villager (Male) |
| 7:29 | Create | Villager (Male) |
| 7:44 | Create | Fishing Ship |
| 7:48 | Build | House |
| 7:53 | Create | Villager (Male) |
| 8:11 | Build | House |
| 8:18 | Create | Villager (Male) |
| 8:23 | Create | Fishing Ship |
| 8:46 | Create | Villager (Male) |
| 9:07 | Build | House |
| 9:16 | Create | Villager (Male) |
| 9:17 | Create | Villager (Male) |
| 9:17 | Create | Fishing Ship |
| 9:20 | Build | House |
| 9:33 | Build | House |
| 9:40 | Build | House |
| 9:46 | Build | House |
| 9:57 | Build | House |
| 10:12 | Create | Villager (Male) |
| 10:12 | Create | Villager (Male) |
| 10:13 | Create | Fishing Ship |
| 10:15 | Build | House |
| 10:29 | Create | Villager (Male) |
| 10:29 | Create | Villager (Male) |
| 10:42 | Create | Fishing Ship |
| 10:55 | Create | Fishing Ship |
| 10:56 | Create | Villager (Male) |
| 11:00 | Build | House |
| 11:16 | Create | Villager (Male) |
| 11:42 | Create | Fishing Ship |
| 12:23 | Build | Lumber Camp |
| 12:26 | Create | Villager (Male) |
| 12:43 | Create | Fishing Ship |
| 13:07 | Research | Feudal Age |
| 13:43 | Build | Dock |
| 14:07 | Build | Mining Camp |
| 14:24 | Create | Villager (Male) |
| 14:24 | Create | Villager (Male) |
| 14:24 | Create | Villager (Male) |
| 15:03 | Build | House |
| 15:10 | Build | House |
| 15:17 | Age | Feudal Age |
| 15:38 | Build | Palisade Wall |
| 15:39 | Build | Gate |
| 15:59 | Build | Blacksmith |
| 16:05 | Build | Watch Tower |
| 16:12 | Build | Mining Camp |
| 16:31 | Create | Villager (Male) |
| 16:35 | Build | Palisade Gate |
| 16:41 | Build | Mill |
| 16:54 | Create | Villager (Male) |
| 17:16 | Build | Lumber Camp |
| 17:18 | Create | Villager (Male) |
| 17:18 | Create | Villager (Male) |
| 17:24 | Build | Market |
| 17:35 | Build | Blacksmith |
| 17:50 | Research | Double-Bit Axe |
| 17:53 | Research | Tech 906 |
| 18:18 | Research | Castle Age |
| 18:19 | Research | Castle Age |
| 18:41 | Build | Palisade Gate |
| 18:47 | Build | Watch Tower |
| 18:50 | Create | Villager (Male) |
| 18:51 | Create | Villager (Male) |
| 19:00 | Build | Palisade Gate |
| 19:18 | Build | House |
| 19:19 | Build | House |
| 19:20 | Build | House |
| 19:22 | Build | House |
| 19:23 | Build | House |
| 19:24 | Build | House |
| 19:27 | Build | House |
| 19:27 | Build | House |
| 19:36 | Build | House |
| 20:53 | Build | House |
| 20:57 | Build | House |
| 20:58 | Age | Castle Age |
| 21:02 | Build | House |
| 21:05 | Research | Bow Saw |
| 21:08 | Research | Gillnets |
| 21:20 | Build | Dock |
| 21:57 | Research | Wheelbarrow |
| 22:13 | Build | Castle |
| 22:17 | Create | Villager (Male) |
| 23:03 | Build | Watch Tower |
| 23:28 | Create | Villager (Male) |
| 23:38 | Build | Siege Workshop |
| 23:39 | Create | Villager (Male) |
| 23:59 | Create | Mangonel |
| 24:11 | Build | Watch Tower |
| 24:20 | Create | Mangonel |
| 24:22 | Create | Villager (Male) |
| 24:22 | Create | Villager (Male) |
| 24:37 | Build | Gate |
| 24:43 | Build | Gate |
| 24:53 | Build | Gate |
| 24:56 | Build | Gate |
| 24:59 | Build | Gate |
| 25:02 | Build | Gate |
| 25:47 | Research | Fletching |
| 26:27 | Build | Gate |
| 26:50 | Build | Town Center |
| 28:02 | Create | Villager (Male) |
| 28:02 | Create | Villager (Male) |
| 28:02 | Create | Villager (Male) |
| 28:20 | Build | Town Center |
| 28:23 | Create | Villager (Male) |
| 28:23 | Create | Villager (Male) |
| 29:10 | Build | Town Center |
| 29:15 | Create | Villager (Male) |
| 29:15 | Create | Villager (Male) |
| 29:15 | Create | Villager (Male) |
| 30:05 | Build | Gate |
| 30:11 | Build | Stone Wall |
| 30:15 | Build | Gate |
| 30:20 | Build | House |
| 30:22 | Build | House |
| 30:23 | Build | Palisade Wall |
| 30:41 | Build | House |
| 30:46 | Build | House |
| 32:33 | Build | Town Center |
| 34:17 | Build | Town Center |
| 34:36 | Create | Villager (Male) |
| 34:36 | Create | Villager (Male) |
| 34:36 | Create | Villager (Male) |
Build order — .Spina
First 150 of 224 actions detected
| 0:48 | Build | Town Center |
| 1:14 | Build | Dock |
| 1:16 | Build | House |
| 3:12 | Create | Villager (Male) |
| 3:12 | Create | Villager (Male) |
| 3:12 | Create | Villager (Male) |
| 3:13 | Create | Villager (Male) |
| 3:13 | Create | Villager (Male) |
| 4:30 | Create | Villager (Male) |
| 4:54 | Build | House |
| 5:20 | Create | Villager (Male) |
| 5:53 | Create | Villager (Male) |
| 5:53 | Create | Villager (Male) |
| 5:56 | Create | Fishing Ship |
| 5:56 | Create | Fishing Ship |
| 6:04 | Build | House |
| 6:15 | Create | Villager (Male) |
| 6:16 | Create | Villager (Male) |
| 6:52 | Create | Villager (Male) |
| 6:52 | Create | Villager (Male) |
| 7:16 | Research | Loom |
| 7:20 | Create | Villager (Male) |
| 7:40 | Create | Villager (Male) |
| 7:45 | Create | Fishing Ship |
| 7:45 | Create | Fishing Ship |
| 8:02 | Create | Villager (Male) |
| 8:07 | Create | Fishing Ship |
| 8:41 | Build | House |
| 9:16 | Create | Villager (Male) |
| 9:42 | Build | Mill |
| 10:25 | Create | Villager (Male) |
| 10:29 | Create | Villager (Male) |
| 10:45 | Create | Villager (Male) |
| 10:56 | Build | House |
| 11:33 | Build | House |
| 11:48 | Create | Villager (Male) |
| 11:50 | Research | Feudal Age |
| 12:00 | Create | Villager (Male) |
| 12:15 | Build | Mining Camp |
| 13:03 | Create | Fishing Ship |
| 13:25 | Build | Lumber Camp |
| 14:00 | Age | Feudal Age |
| 14:01 | Create | Demolition Raft |
| 14:14 | Create | Villager (Male) |
| 14:42 | Create | Villager (Male) |
| 14:56 | Create | Fishing Ship |
| 15:34 | Create | Villager (Male) |
| 15:46 | Build | Market |
| 15:51 | Create | Villager (Male) |
| 16:11 | Research | Double-Bit Axe |
| 16:14 | Create | Villager (Male) |
| 16:47 | Create | Villager (Male) |
| 17:02 | Build | Blacksmith |
| 17:08 | Create | Villager (Male) |
| 17:38 | Create | Villager (Male) |
| 17:46 | Build | Barracks |
| 17:55 | Build | Farm |
| 18:06 | Create | Villager (Male) |
| 18:42 | Create | Villager (Male) |
| 18:53 | Build | Farm |
| 18:53 | Build | Farm |
| 18:54 | Build | Farm |
| 18:54 | Build | Farm |
| 18:55 | Build | Farm |
| 19:11 | Research | Castle Age |
| 19:48 | Build | Barracks |
| 19:58 | Research | Scale Mail Armor |
| 20:01 | Create | Villager (Male) |
| 20:08 | Build | Farm |
| 20:13 | Build | House |
| 20:18 | Build | Mining Camp |
| 20:27 | Build | Farm |
| 20:40 | Create | Villager (Male) |
| 20:44 | Build | House |
| 21:34 | Create | Villager (Male) |
| 21:51 | Age | Castle Age |
| 21:54 | Create | Villager (Male) |
| 22:07 | Build | Farm |
| 22:10 | Research | Horse Collar |
| 22:17 | Build | Farm |
| 22:18 | Create | Villager (Male) |
| 22:27 | Research | Eagle Warrior (upgrade) |
| 22:46 | Research | Squires |
| 23:03 | Build | Town Center |
| 23:11 | Create | Villager (Male) |
| 23:15 | Build | Farm |
| 23:18 | Create | Villager (Male) |
| 23:20 | Research | Bow Saw |
| 23:30 | Research | Forging |
| 23:40 | Create | Villager (Male) |
| 23:48 | Build | Farm |
| 23:52 | Create | Villager (Male) |
| 24:07 | Build | House |
| 24:18 | Create | Villager (Male) |
| 24:29 | Create | Villager (Male) |
| 24:34 | Create | Eagle Scout |
| 24:35 | Create | Eagle Scout |
| 24:37 | Create | Eagle Scout |
| 24:38 | Create | Eagle Scout |
| 24:39 | Create | Eagle Scout |
| 24:41 | Create | Eagle Scout |
| 24:53 | Create | Villager (Male) |
| 25:00 | Create | Eagle Scout |
| 25:13 | Create | Villager (Male) |
| 25:16 | Create | Villager (Male) |
| 25:24 | Create | Villager (Male) |
| 25:34 | Build | Farm |
| 25:42 | Build | Barracks |
| 25:46 | Create | Villager (Male) |
| 25:48 | Create | Villager (Male) |
| 25:52 | Build | Farm |
| 26:01 | Build | House |
| 26:24 | Research | Wheelbarrow |
| 26:36 | Create | Villager (Male) |
| 26:47 | Build | Farm |
| 26:48 | Build | Farm |
| 26:56 | Create | Villager (Male) |
| 26:58 | Create | Villager (Male) |
| 27:23 | Build | Farm |
| 27:25 | Create | Villager (Male) |
| 27:26 | Create | Villager (Male) |
| 27:30 | Build | Farm |
| 27:31 | Build | Farm |
| 27:50 | Build | Siege Workshop |
| 27:55 | Create | Villager (Male) |
| 27:56 | Create | Villager (Male) |
| 28:05 | Build | Castle |
| 28:13 | Build | House |
| 28:19 | Build | House |
| 28:23 | Create | Villager (Male) |
| 28:29 | Research | Chain Mail Armor |
| 28:37 | Research | Iron Casting |
| 28:45 | Create | Villager (Male) |
| 28:57 | Create | Battering Ram |
| 29:03 | Create | Battering Ram |
| 29:07 | Create | Eagle Scout |
| 29:16 | Create | Eagle Scout |
| 29:17 | Create | Eagle Scout |
| 29:17 | Create | Eagle Scout |
| 29:17 | Create | Eagle Scout |
| 29:18 | Create | Eagle Scout |
| 29:19 | Create | Eagle Scout |
| 29:19 | Create | Eagle Scout |
| 29:24 | Create | Villager (Male) |
| 29:28 | Build | Farm |
| 29:31 | Build | Farm |
| 29:34 | Build | Farm |
| 29:40 | Create | Villager (Male) |
| 29:42 | Create | Villager (Male) |
| 29:45 | Build | House |
Match timeline
| 0:39 | [TNT] TW_RED · first_building Dock |
| 0:55 | CAPTAINKILL · first_building Dock |
| 1:06 | Peter_Pahn · first_building Dock |
| 1:10 | Rank · wall_segment Palisade Wall x1 |
| 1:11 | Rank · wall_segment Palisade Wall x1 |
| 1:13 | Rank · wall_segment Palisade Wall x1 |
| 1:14 | .Spina · first_building Dock |
| 1:21 | TrCL.ovoin · first_building Dock |
| 1:27 | TrCL.ovoin · wall_segment Palisade Wall x1 |
| 2:33 | Viktor Dufka · first_building Dock |
| 2:41 | CAPTAINKILL · wall_segment Palisade Wall x1 |
| 2:41 | [TNT] TW_RED · wall_segment Palisade Wall x1 |
| 2:41 | CAPTAINKILL · wall_segment Palisade Wall x1 |
| 2:42 | [TNT] TW_RED · wall_segment Palisade Wall x1 |
| 2:43 | [TNT] TW_RED · wall_segment Palisade Wall x1 |
| 4:26 | feshark · first_building Dock |
| 6:26 | Rank · wall_segment Palisade Wall x1 |
| 6:28 | Rank · wall_segment Palisade Wall x1 |
| 6:30 | [TNT] TW_RED · wall_segment Palisade Wall x1 |
| 6:48 | Rank · wall_segment Palisade Wall x1 |
| 6:50 | Rank · wall_segment Palisade Wall x1 |
| 6:53 | Rank · wall_segment Palisade Wall x1 |
| 6:56 | [TNT] TW_RED · wall_segment Palisade Wall x1 |
| 7:08 | Rank · wall_segment Palisade Wall x1 |
| 7:37 | Rank · wall_segment Palisade Wall x1 |
| 7:40 | Rank · wall_segment Palisade Wall x1 |
| 8:09 | Rank · wall_segment Palisade Wall x1 |
| 8:11 | Rank · wall_segment Palisade Wall x1 |
| 9:48 | Rank · wall_segment Palisade Wall x1 |
| 9:50 | Rank · wall_segment Palisade Wall x1 |
| 9:51 | Rank · wall_segment Palisade Wall x1 |
| 10:34 | Rank · wall_segment Palisade Wall x1 |
| 10:35 | Rank · wall_segment Palisade Wall x1 |
| 11:56 | feshark · first_building Barracks |
| 12:19 | Rank · first_building Barracks |
| 12:22 | Viktor Dufka · first_building Barracks |
| 13:01 | TrCL.ovoin · age_up feudal |
| 13:05 | Viktor Dufka · age_up feudal |
| 13:09 | Viktor Dufka · first_building Archery Range |
| 13:21 | Peter_Pahn · age_up feudal |
| 13:24 | Rank · age_up feudal |
| 13:29 | feshark · age_up feudal |
| 13:31 | feshark · first_building Stable |
| 13:46 | Rank · first_building Archery Range |
| 13:53 | TrCL.ovoin · first_market_sell 100 stone |
| 13:56 | [TNT] TW_RED · age_up feudal |
| 14:00 | .Spina · age_up feudal |
| 14:32 | Peter_Pahn · wall_segment Palisade Wall x1 |
| 14:35 | Peter_Pahn · wall_segment Palisade Wall x1 |
| 15:17 | CAPTAINKILL · age_up feudal |
| 15:38 | CAPTAINKILL · wall_segment Palisade Wall x4 |
| 16:34 | TrCL.ovoin · age_up castle |
| 16:44 | TrCL.ovoin · first_building Castle |
| 17:37 | [TNT] TW_RED · age_up castle |
| 17:46 | .Spina · first_building Barracks |
| 17:52 | [TNT] TW_RED · first_market_buy 100 wood |
| 18:17 | Peter_Pahn · first_market_buy 100 stone |
| 18:35 | Viktor Dufka · first_market_buy 100 food |
| 18:36 | Viktor Dufka · first_market_sell 100 wood |
| 18:39 | TrCL.ovoin · wall_segment Stone Wall x10 |
| 19:02 | Peter_Pahn · age_up castle |
| 19:07 | .Spina · first_market_buy 100 food |
| 20:38 | [TNT] TW_RED · first_building Siege Workshop |
| 20:58 | CAPTAINKILL · age_up castle |
| 21:10 | CAPTAINKILL · first_market_buy 100 wood |
| 21:13 | CAPTAINKILL · first_market_sell 100 food |
| 21:24 | Rank · first_market_sell 100 wood |
| 21:25 | Rank · first_market_buy 100 food |
| 21:36 | TrCL.ovoin · first_market_buy 100 food |
| 21:51 | .Spina · age_up castle |
| 22:04 | feshark · age_up castle |
| 22:13 | CAPTAINKILL · first_building Castle |
| 22:50 | Viktor Dufka · age_up castle |
| 23:09 | Viktor Dufka · first_building Siege Workshop |
| 23:24 | [TNT] TW_RED · wall_segment Stone Wall x1 |
| 23:24 | [TNT] TW_RED · wall_segment Stone Wall x1 |
| 23:38 | CAPTAINKILL · first_building Siege Workshop |
| 24:04 | TrCL.ovoin · first_building Monastery |
| 24:51 | .Spina · tribute_sent a jugador 1 |
| 24:51 | .Spina · tribute_sent a jugador 2 |
| 24:51 | .Spina · tribute_sent a jugador 3 |
| 24:51 | .Spina · tribute_sent a jugador 4 |
| 24:51 | .Spina · tribute_sent a jugador 5 |
| 24:51 | .Spina · tribute_sent a jugador 6 |
| 24:51 | .Spina · tribute_sent a jugador 7 |
| 24:54 | Peter_Pahn · first_building Castle |
| 24:59 | Peter_Pahn · first_building Barracks |
| 25:08 | TrCL.ovoin · first_building Barracks |
| 27:06 | Peter_Pahn · first_building Stable |
| 27:49 | Peter_Pahn · wall_segment Stone Wall x1 |
| 27:50 | .Spina · first_building Siege Workshop |
| 28:05 | .Spina · first_building Castle |
| 29:42 | feshark · first_market_sell 100 wood |
| 30:11 | CAPTAINKILL · wall_segment Stone Wall x1 |
| 30:23 | CAPTAINKILL · wall_segment Palisade Wall x1 |
| 30:34 | Rank · age_up castle |
| 30:35 | [TNT] TW_RED · first_building Castle |
| 31:16 | [TNT] TW_RED · first_building Barracks |
| 31:26 | Peter_Pahn · age_up imperial |
| 31:32 | feshark · first_market_buy 100 stone |
| 31:36 | [TNT] TW_RED · first_building Monastery |
| 32:24 | Peter_Pahn · first_market_sell 100 stone |
| 32:40 | .Spina · first_market_sell 100 food |
| 32:56 | Viktor Dufka · first_building Castle |
| 32:57 | [TNT] TW_RED · first_building Krepost |
| 33:43 | TrCL.ovoin · first_building Siege Workshop |
| 34:07 | Rank · first_building Siege Workshop |
| 34:17 | [TNT] TW_RED · first_building Stable |
| 35:20 | [TNT] TW_RED · age_up imperial |
| 35:28 | feshark · first_building Siege Workshop |
| 35:55 | .Spina · age_up imperial |
| 36:28 | [TNT] TW_RED · first_market_sell 100 wood |
| 36:39 | .Spina · wall_segment Palisade Wall x1 |
| 36:47 | .Spina · wall_segment Palisade Wall x1 |
| 38:21 | Viktor Dufka · resign |
[ AI ANALYSIS · 1 CREDIT ]
What really happened in this match?
Wolo.gg analyzes every decision: build order, eco, micro, common mistakes by bracket. Personalized analysis on WhatsApp or Discord in 30 seconds.
Civ guide
Malians
Perfil
TrCL.ovoin